 Dungeon Crawl Stone Soup version 0.21-a0-95-g06f091e (webtiles) character file.

372 grindst0ne the Chucker (level 6, 0/66 HPs)
             Began as an Ogre Hunter on July 4, 2017.
             Was an Initiate of Okawaru.
             Succumbed to a scorpion's poison
             ... on level 3 of the Dungeon.
             The game lasted 00:11:09 (7595 turns).

grindst0ne the Chucker (Ogre Hunter)                Turns: 7595, Time: 00:11:10

Health: 0/66       AC:  3    Str: 15 (17) XL:     6   Next: 71%
Magic:  15/15      EV: 10    Int: 12 (14) God:    Okawaru [......]
Gold:   213        SH:  0    Dex:  8 (9)  Spells: 5/5 levels left

rFire    + . .     SeeInvis .   a - +0 short sword
rCold    + . .     Gourm    +   (no shield)
rNeg     . . .     Faith    .   b - +0 robe
rPois    +         Spirit   .   (helmet restricted)
rElec    +         Reflect  .   (no cloak)
rCorr    +         Harm     .   (gloves unavailable)
MR       .....     Rnd*Tele +   (boots unavailable)
Stlth    +.........             k - amulet of the gourmand
HPRegen  0.21/turn              s - ring of magical power
MPRegen  0.14/turn              (no ring)

@: lethally poisoned (0 -> -2), resistant
A: unfitting armour, mutation resistance 1, teleportitis 1, tough skin 1,
MP-powered wands
a: Renounce Religion


You were on level 3 of the Dungeon.
You worshipped Okawaru.
Okawaru was noncommittal.
You were completely stuffed.

You visited 1 branch of the dungeon, and saw 4 of its levels.

You collected 213 gold pieces.

Inventory:

Hand Weapons
 a - a +0 short sword (weapon)
 e - a +0 spear
 i - a +0 club
Missiles
 d - a throwing net (quivered)
Armour
 b - a +0 robe (worn)
Jewellery
 k - an amulet of the gourmand (around neck)
 s - a ring of magical power (left hand)
Scrolls
 h - 2 scrolls of fog {unknown}
 m - 2 scrolls of remove curse {unknown}
 p - a scroll of immolation {unknown}
 q - 4 scrolls of identify {unknown}
 t - 2 scrolls of teleportation {unknown}
 u - a scroll of recharging {unknown}
 v - a scroll of fear {unknown}
Potions
 n - a potion of degeneration
Comestibles
 f - a bread ration
 g - a royal jelly
 j - a meat ration
 l - 5 chunks of flesh
 r - 4 fruits


   Skills:
 - Level 5.0 Fighting
 + Level 3.2 Maces & Flails
 - Level 5.3 Throwing
 + Level 2.8 Dodging
 - Level 0.6 Stealth


You had 5 spell levels left.
You didn't know any spells.

Dungeon Overview and Level Annotations

Branches:
Dungeon (4/15)
 Temple: D:4-7

Altars:
Cheibriados
Makhleb
Okawaru
Ru
Yredelemnul


Innate Abilities, Weirdness & Mutations

You are too large for most types of armour.
You have tough skin. (AC +1)
You are somewhat resistant to further mutation.
You are occasionally teleported next to monsters.
You expend magic power (3 MP) to strengthen your wands.


Message History

You are poisoned.
The scorpion poisons you!
You hit the scorpion.
The scorpion is moderately wounded.
You feel sick. The scorpion stings you!
* * * LOW HITPOINT WARNING * * *
The scorpion stings you!
* * * LOW HITPOINT WARNING * * *
You hit the scorpion.
The scorpion is heavily wounded.
* * * LOW HITPOINT WARNING * * *
You feel sick. The scorpion barely misses you.
An adder comes into view.
The adder hisses angrily.
You hit the scorpion but do no damage.
The scorpion is moderately wounded.
The scorpion barely misses you.
You barely miss the scorpion.
The scorpion is moderately wounded.
You die...

#..........#.#......####.#.#
#..........#..........##.#.#
#..........###.#.#....##.#.#
######)#.......#.#.##.##...#
######.#####.#.....##.######
...................##.#
.......###.#..........#
.......##........<...##
.......##.##.##s@.....#
..........###.........#
........#..S.)...##...#
.......[#....>[.......#
........[..รท........#.#
.......##.......#.###.#
.....####.........# #.#
.....#.........##.###.#
.....#........[.......#


You could see a scorpion and an adder.

Vanquished Creatures
  A scorpion (D:3)
  A worker ant (D:4)
  Robin (D:3)
  4 gnolls
  5 adders
  2 oozes
  5 worms
  5 dart slugs
  4 leopard geckos
  20 orcs
  A ball python (D:3)
  10 giant cockroaches
  25 goblins
  21 hobgoblins
  6 jackals
  9 kobolds
  3 quokkas (D:3)
  4 bats
  10 rats
137 creatures vanquished.

Notes
Turn   | Place    | Note
-------+----------+-------------------------------------------
     0 | D:1      | grindst0ne the Ogre Hunter began the quest for the Orb.
     0 | D:1      | Reached XP level 1. HP: 22/22 MP: 1/1
    95 | D:1      | Reached XP level 2. HP: 12/29 MP: 2/2
   975 | D:1      | Reached XP level 3. HP: 30/37 MP: 3/3
  1891 | D:1      | Reached skill level 5 in Throwing
  2187 | D:2      | Reached XP level 4. HP: 11/48 MP: 4/4
  2494 | D:2      | Found a burning altar of Makhleb.
  2505 | D:2      | Found a sacrificial altar of Ru.
  2874 | D:2      | Found a faded altar of an unknown god.
  2946 | D:2      | Found a snail-covered altar of Cheibriados.
  3856 | D:3      | Noticed Robin
  4079 | D:2      | Gained mutation: You expend magic power (3 MP) to strengthen your wands. [potion of mutation]
  4079 | D:2      | Gained mutation: You are occasionally teleported next to monsters. [potion of mutation]
  4079 | D:2      | Gained mutation: You are somewhat resistant to further mutation. [potion of mutation]
  4082 | D:2      | Reached skill level 1 in Maces & Flails
  4094 | D:2      | Reached XP level 5. HP: 43/54 MP: 5/5
  4223 | D:3      | Killed Robin
  4388 | D:3      | Found an iron altar of Okawaru.
  4435 | D:3      | Became a worshipper of Warmaster Okawaru
  5553 | D:3      | Found a basalt altar of Yredelemnul.
  6038 | D:3      | Reached skill level 5 in Fighting
  6320 | D:3      | Reached XP level 6. HP: 51/66 MP: 6/6
  7592 | D:3      | HP: 2/66 [scorpion (7)]
  7595 | D:3      | Succumbed to a scorpion's poison

Vault maps used:
D:1:      minmay_arrival_four_houses
D:2:      bloody_makhleb, lemuel_crystal_altar, nicolae_overflow_hidden_temple,
          chequers_ecumenical_altar_island, minmay_parallelograms, st_stairs_13
D:3:      cheibrodos_greedy_goblins, nicolae_overflow_crystal_walls,
          okawaru_altar_gauntlet_db, uniq_robin

Skill      XL: |  1  2  3  4  5  6 |
---------------+-------------------+-----
Fighting       | 3 4 5 |  5.0
Throwing       | 5 |  5.3
Maces & Flails | 1 2 3 |  3.2
Dodging        | 2 |  2.8
Stealth        | |  0.6

Action                   |  1- 3 |  4- 6 || total
-------------------------+-------+-------++-------
Melee: Short sword       |   136 |   553 ||   689
       Club              |    33 |       ||    33
Throw: Large rock        |     4 |    14 ||    18
       Throwing net      |       |     1 ||     1
  Use: Potion            |       |     6 ||     6
  Eat: Chunk             |     4 |    27 ||    31
Armor: Robe              |    50 |   146 ||   196
       Skin              |       |     3 ||     3
Dodge: Dodged            |    95 |   368 ||   463
